 Dungeon Crawl Stone Soup version 0.25-a0-285-gcba6f66 (webtiles) character file.

Game seed: 5333134002538329408, levelgen mode: deterministic

125 Daniru the Ruffian (level 4, 0/45 HPs)
             Began as a Troll Monk on Dec 11, 2019.
             Slain by Sigmund
             ... wielding a +0 scythe
              (9 damage)
             ... on level 3 of the Dungeon.
             The game lasted 00:11:34 (1788 turns).

Daniru the Ruffian (Troll Monk)                     Turns: 1788, Time: 00:11:35

Health: 0/45       AC:  6    Str: 19    XL:     4   Next: 82%
Magic:  3/3        EV: 11    Int:  6    God:
Gold:   59         SH:  0    Dex: 13    Spells: 3/3 levels left

rFire    . . .     SeeInvis .     - Unarmed
rCold    . . .     Gourm    +   (no shield)
rNeg     . . .     Faith    .   f - +0 robe
rPois    .         Spirit   .   (helmet restricted)
rElec    .         Reflect  .   (no cloak)
rCorr    .         Harm     .   (gloves unavailable)
MR       .....                  (boots unavailable)
Stlth    ++........             (no amulet)
HPRegen  0.55/turn              (no ring)
MPRegen  0.08/turn              (no ring)

@: no status effects
A: large, unfitting armour, claws 3, fast metabolism 3, gourmand, regeneration
1, shaggy fur 1, tough skin 3
a: no special abilities


You were on level 3 of the Dungeon.
You were very full.

You visited 1 branch of the dungeon, and saw 3 of its levels.

You collected 59 gold pieces.

Inventory:

Hand Weapons
 a - a +0 hunting sling
Missiles
 g - 77 stones (quivered)
Armour
 e - a +0 large shield
 f - a +0 robe (worn)
Scrolls
 d - 2 scrolls of identify {unknown}
 h - 3 scrolls of amnesia {unknown}
 i - a scroll of remove curse {unknown}
 k - a scroll of enchant weapon {unknown}
Potions
 c - a potion of resistance {unknown}
 j - a potion of might {unknown}
 l - a potion of ambrosia {unknown}
Comestibles
 b - 9 rations


   Skills:
 + Level 3.0 Fighting
 + Level 3.0 Dodging
 - Level 1.1 Stealth
 * Level 1.9 Shields
 + Level 3.6 Unarmed Combat


You had 3 spell levels left.
You didn't know any spells.
Your spell library was empty.

Dungeon Overview and Level Annotations

Branches:
Dungeon (3/15)

Altars:

Annotations:
D:3 Sigmund


Innate Abilities, Weirdness & Mutations

You are too large for most types of armour.
You have claws for hands.
Your metabolism is lightning-fast.
You like to eat raw meat.
Your natural rate of healing is unusually fast.
You are covered in fur. (AC +1)
You have extremely tough skin. (AC +3)


Message History

Terence is almost dead.
Terence hits you but does no damage. Something hits you but does no damage.
You claw Terence!
You kill Terence!
Your Fighting skill increases to level 3!
Your Dodging skill increases to level 3!
You hear some strange, mumbled words.
Something tries to affect you, but you resist.
Something hits you but does no damage.
Things that are here:
a +0 falchion; a +0 chain mail; the human corpse of Terence You aren't carrying any items that you can evoke.
You completely miss something. You miss something. Something hits you.
* * * LOW HITPOINT WARNING * * *
You scratch something. You scratch something. Something hits you!
* * * LOW HITPOINT WARNING * * *
You miss something. Something hits you!
You die...

#.######## #
..@.....(##.?.. #
#..>.{.# #
#.###### # #.# ###
#.# ..#
#.#######.# #.#
#{......... #.#
#.@.####### #.#
#.####...#
#.######
#........#
.......#
######÷.##
.....[.########..#
#.###............#
#.# ##...........#
#.# #############
#÷#


There were no monsters in sight!

Vanquished Creatures
  Terence (D:3)
  Natasha (D:3)
  4 adders
  A dart slug (D:1)
  A leopard gecko (D:1)
  2 ball pythons
  2 giant cockroaches
  4 goblins (D:1)
  2 hobgoblins
  7 kobolds
  7 bats
  3 frilled lizards
  7 rats
42 creatures vanquished.

Notes
Turn   | Place    | Note
-------+----------+-------------------------------------------
     0 | D:1      | Daniru the Troll Monk began the quest for the Orb.
     0 | D:1      | Reached XP level 1. HP: 22/22 MP: 0/0
   128 | D:1      | Reached XP level 2. HP: 28/29 MP: 1/1
  1016 | D:2      | Reached XP level 3. HP: 33/36 MP: 2/2
  1027 | D:2      | Reached skill level 1 in Shields
  1663 | D:3      | Noticed Natasha
  1670 | D:3      | Killed Natasha
  1670 | D:3      | Reached XP level 4. HP: 44/44 MP: 3/3
  1754 | D:3      | Noticed Sigmund
  1755 | D:3      | Noticed Terence
  1782 | D:3      | Killed Terence
  1788 | D:3      | Slain by Sigmund

Levels and vault maps discovered:
D:1:      sevenhm_arrival_forest_fort_small_5, layout_basic
D:2:      layout_basic, serial_glass, glass_columns_b, glass_columns_c,
          first_ration, minmay_cut_off
D:3:      layout_loops_ring, minmay_door_square, trog_wizard, uniq_sigmund,
          uniq_terence, uniq_natasha

Skill      XL: |  1  2  3  4 |
---------------+-------------+-----
Shields        | 1 |  1.9
Fighting       | 3 |  3.0
Dodging        | 3 |  3.0
Stealth        | |  1.1
Unarmed Combat | |  3.6

Action                   |  1- 3 |  4- 6 || total
-------------------------+-------+-------++-------
Melee: Unarmed           |   100 |    27 ||   127
       Punch             |     1 |     1 ||     2
Throw: Stone             |    54 |     7 ||    61
 Stab: Sleeping          |     2 |       ||     2
  Eat: Chunk             |    16 |     5 ||    21
Armor: Robe              |    49 |     6 ||    55
Dodge: Dodged            |    49 |    13 ||    62

Table legend:
 A = Non-vault XP
 B = Vault XP
 C = Vault XP percentage of total XP
 D = Non-vault monster count
 E = Vault monster count
 F = Vault count percentage of total count
                 A         B        C        D         E       F
            +---------+---------+-------+---------+---------+-------
      Total |     106 |      73 |  40.8 |      36 |       6 |  14.3
            +---------+---------+-------+---------+---------+-------
        D:1 |      37 |       0 |   0.0 |      21 |       0 |   0.0
        D:2 |      39 |       5 |  11.4 |      10 |       4 |  28.6
        D:3 |      30 |      68 |  69.4 |       5 |       2 |  28.6
            +---------+---------+-------+---------+---------+-------
